 Dungeon Crawl Stone Soup version 0.30-a0-571-gdf30a72648 (webtiles) character file.

Game seed: 16976913548562969667

14515 experimilk the Arsonist (level 11, -23/74 HPs)
             Began as a Red Draconian Conjurer on Dec 29, 2022.
             Was a Priest of Vehumet.
             Annihilated by a death yak simulacrum (33 damage)
             ... on level 2 of the Lair of Beasts on Dec 30, 2022.
             The game lasted 00:42:24 (17724 turns).

experimilk the Arsonist (Red Draconian Conjurer)   Turns: 17724, Time: 00:42:24

Health: -23/74     AC:  7    Str:  9    XL:     11   Next: 89%
Magic:  41/44      EV: 12    Int: 23    God:    Vehumet [***...]
Gold:   376        SH:  0    Dex: 10    Spells: 12/32 levels left

rFire   + . .      SeeInvis .    z - +1 hand axe (freeze)
rCold   . . .      Faith    .    (no shield)
rNeg    . . .      Spirit   .    (body armour unavailable)
rPois   .          Reflect  .    (helmet restricted)
rElec   .          Harm     .    (no cloak)
rCorr   .          Rampage  .    (no gloves)
Will    .....                    (no boots)
Stlth   ++                       N - amulet of regeneration
HPRegen 1.12/turn                y - ring of magical power
MPRegen 0.29/turn                B - ring of magical power

@: slowed, very slow
A: breathe fire, AC +7, unfitting armour, fire resistance 1, cold-blooded
a: Breathe Fire, Renounce Religion


You were on level 2 of the Lair of Beasts.
You worshipped Vehumet.
Vehumet was most pleased with you.
You visited 3 branches of the dungeon, and saw 12 of its levels.
You also visited: Ossuary and Bailey.

You collected 642 gold pieces.
You spent 266 gold pieces at shops.

Inventory:

Hand Weapons
 b - a +0 hand axe
 u - a +1 dagger of venom
 z - a +1 hand axe of freezing (weapon)
 I - a +1 trident of protection
 J - a +1 whip of flaming
Missiles
 c - a throwing net
Jewellery
 m - an amulet of reflection
 q - a ring of willpower
 y - a ring of magical power (left hand)
 B - a ring of magical power (right hand)
 D - a ring of ice
 G - a ring of flight
 N - an amulet of regeneration (around neck)
Wands
 w - a wand of digging (4)
 A - a wand of flame (22)
 E - a wand of mindburst (22)
 F - a wand of paralysis (6)
Scrolls
 d - 2 scrolls of fear
 e - 3 scrolls of vulnerability
 h - 3 scrolls of immolation
 k - 3 scrolls of amnesia
 l - a scroll of teleportation
 s - a scroll of fog
 v - a scroll of enchant armour {unknown}
 x - a scroll of silence {unknown}
 H - 2 scrolls of summoning {unknown}
 O - a scroll of magic mapping {unknown}
 P - a scroll of brand weapon {unknown}
Potions
 a - 2 potions of mutation
 f - 2 potions of resistance
 i - 5 potions of might
 j - 2 potions of lignification
 n - a potion of curing
 o - 6 potions of haste
 p - 3 potions of cancellation
 r - 3 potions of attraction
 t - 2 potions of berserk rage {unknown}
 C - 2 potions of magic
 K - 3 potions of invisibility
 L - a potion of brilliance {unknown}
 Q - a potion of heal wounds


   Skills:
 + Level 3.0 Dodging
 - Level 1.7 Stealth
 + Level 11.0 Spellcasting
 - Level 11.0 Conjurations
 - Level 3.0 Translocations
 * Level 13.0 Fire Magic


You had 12 spell levels left.
You knew the following spells:

 Your Spells              Type           Power      Damage    Failure   Level
a - Magic Dart            Conj           100%       1d8       1%          1
b - Kindle Blastsparks    Fire/Tloc/Air  74%        2d16      1%          3
c - Searing Ray           Conj           100%       2d8       1%          2
i - Apportation           Tloc           52%        N/A       1%          1
m - Sticky Flame          Conj/Fire      61%        2d8       1%          4
v - Scorch                Fire           100%       2d10      1%          2
x - Flame Wave            Conj/Fire      61%        2d14      1%          4
z - Stone Arrow           Conj/Erth      76%        3d11      1%          3

Your spell library contained the following spells:

 Spells                   Type           Power      Damage    Failure   Level
 Olgreb's Toxic Radiance  Pois           12%        N/A       13%         4
 Dazzling Flash           Conj/Hex       76%        N/A       1%          3
 Ignite Poison            Fire/Tmut/Pois 32%        N/A       1%          3
 Inner Flame              Hex/Fire       42%        N/A       1%          3
 Mephitic Cloud           Conj/Pois/Air  29%        N/A       1%          3
 Fulminant Prism          Conj/Hex       19%        3d10      1%          4
 Iskenderun's Mystic Bla  Conj/Tloc      44%        2d10      1%          4
 Necrotise                Necr           48%        1d6       4%          1
 Summon Small Mammal      Summ           48%        N/A       4%          1
 Frozen Ramparts          Ice            24%        1d4       4%          3
 Call Imp                 Summ           12%        N/A       8%          2
 Freezing Cloud           Conj/Ice/Air   14%        6-21      9%          5
 Anguish                  Hex/Necr       6%         N/A       45%         4
 Cause Fear               Hex            6%         N/A       45%         4
 Ice Form                 Ice/Tmut       12%        N/A       45%         4
 Summon Ice Beast         Ice/Summ       12%        N/A       45%         4
 Enfeeble                 Hex            6%         N/A       100%        7
 Discord                  Hex            6%         N/A       100%        8


Dungeon Overview and Level Annotations

Branches:
Dungeon (9/15)             Temple (1/1) D:7            Lair (2/5) D:9
 Shoals (0/4) Lair:2          Orc (0/2) D:9         Ossuary (visited)
 Bailey (visited)
  Snake: Lair:2-3    Spider: Lair:2-3

Altars:
Dithmenos
Fedhas
Gozag
Hepliaklqana
Kikubaaqudgha
Makhleb
Nemelex Xobeh
Ru
Uskayaw
Vehumet
Xom
Yredelemnul
Zin
The Shining One

Shops:
D:8 *

Annotations:
Lair:2 3 runed translucent doors, FakeRyeBread's ghost, journeyman TrFi


Innate Abilities, Weirdness & Mutations

You can breathe blasts of fire.
Your fiery red scales are hard. (AC +7)
You cannot fit into any form of body armour.
Your flesh is heat resistant. (rF+)
You are cold-blooded and may be slowed by cold attacks.


Message History

You start resting.
Magic restored.
You start resting.
HP restored.
You start waiting.
Done waiting.
You start waiting.
Done waiting.
You climb downwards.
You feel a wave of frost pass over you.
There is an entrance to an ice cave on this level.
Hurry and find it before the portal melts!
The walls and floor vibrate strangely for a moment.
Level annotation: 3 runed translucent doors, FakeRyeBread's ghost, journeyman TrFi The wolf simulacrum barely misses you.
The cane toad stings you!! The wolf simulacrum bites you.
The wolf simulacrum freezes you!
The death yak simulacrum closely misses you.
The cane toad misses you.
There is a stone staircase leading up, spattered with blood here.
Casting: Flame Wave (safe; 1% risk of failure)
Confirm with . or Enter, or press ? or * to list all spells.
Casting: Flame Wave (safe; 1% risk of failure)
Press: ? - help, Dir - look around, f - activate A wave of flame ripples out!
The flame wave engulfs the wolf simulacrum!!
The wolf simulacrum melts!
The wolf simulacrum vaporises!
Vehumet accepts your kill.
Vehumet offers you knowledge of Olgreb's Toxic Radiance.
You feel your power returning.
You hear a sizzling sound!
The flame wave engulfs the cane toad!!
The cane toad is severely wounded.
The flame wave engulfs the death yak simulacrum.
The death yak simulacrum melts!
The death yak simulacrum is lightly damaged. (Press . to intensify the flame waves.)
The cane toad stings you!! The death yak simulacrum gores you!
* * * LOW HITPOINT WARNING * * *
The death yak simulacrum freezes you!!
You feel yourself slow down.
You die...

### .#.# ### ##...#.
##>.####...####.......
............#.#.......
..............Z.......
.............F@.......
......................
......................
........รท.............
..................#...
................... ..
.................... .
....?................
...............


You could see a cane toad and a death yak simulacrum.

Vanquished Creatures
  2 boulder beetles
  A two-headed ogre (D:9)
  Pikel (D:8)
  An elephant (Lair:2)
  A black mamba (Lair:2)
  3 cane toads (Lair:1)
  2 rime drakes (Lair:1)
  A komodo dragon (Lair:1)
  A hornet (D:9)
  4 blink frogs (Lair:1)
  Sigmund (D:2)
  5 wyverns
  12 yaks (Lair:1)
  2 basilisks (Lair:1)
  2 steam dragons
  3 wargs (D:9)
  6 water moccasins
  2 orc warriors
  A sky beast (D:7)
  3 black bears
  2 ice beasts (D:7)
  2 ogres
  8 wolves
  4 centaurs
  3 lemures (D:8)
  Blork the orc (D:5)
  An elf zombie (Ossuary)
  10 bullfrogs
  4 gnoll sergeants
  2 scorpions
  5 wights (D:8)
  7 killer bees
  5 howler monkeys
  3 hounds (D:5)
  2 gnoll boudas
  7 orc priests
  3 iguanas
  Terence (D:3)
  7 orc wizards
  Natasha (twice) (D:3)
  A wolf simulacrum (Lair:2)
  3 mummies (Ossuary)
  28 gnolls
  9 adders
  A shadow imp (D:5)
  3 white imps
  An ufetubus (D:5)
  2 adder zombies (Ossuary)
  4 worms
  A dart slug (D:3)
  35 orcs
  A bat (D:2)
  6 endoplasms
  8 giant cockroaches
  2 goblins
  8 hobgoblins
  7 jackals
  5 kobolds
  6 quokkas
  6 ball pythons
  3 frilled lizards
  3 goblin zombies (Ossuary)
  2 hobgoblin zombies (Ossuary)
  A kobold zombie (Ossuary)
  An orc zombie (Ossuary)
  A quokka zombie (Ossuary)
  9 rats
  7 rat zombies (Ossuary)
297 creatures vanquished.

Vanquished Creatures (others)
  4 fungi
  15 plants
19 creatures vanquished.

Grand Total: 316 creatures vanquished

Notes
Turn   | Place    | Note
-------+----------+-------------------------------------------
     0 | D:1      | experimilk the Draconian Conjurer began the quest for the
                  | Orb.
     0 | D:1      | Reached XP level 1. HP: 14/14 MP: 3/3
   303 | D:1      | Reached XP level 2. HP: 20/20 MP: 0/5
   672 | D:1      | Learned a level 2 spell: Searing Ray
   672 | D:1      | Found a faded altar of an unknown god.
  1226 | D:2      | Reached XP level 3. HP: 26/26 MP: 0/6
  1729 | D:2      | Reached skill level 5 in Conjurations
  2062 | D:2      | Reached XP level 4. HP: 33/33 MP: 0/8
  2342 | D:2      | Noticed Sigmund
  2439 | D:2      | You fall into a shaft and drop 2 floors!
  2444 | D:4      | Found a sand-covered staircase.
  2452 | Ossuary  | Entered an ossuary
  2462 | Ossuary  | HP: 1/33 [mummy (7)]
  3281 | Ossuary  | Reached XP level 5. HP: 37/38 MP: 0/9
  3942 | D:3      | Noticed Terence
  3949 | D:3      | Killed Terence
  4056 | D:3      | Reached XP level 6. HP: 32/45 MP: 1/10
  4317 | D:3      | Noticed Natasha
  4324 | D:3      | Killed Natasha
  5011 | D:3      | Noticed Natasha
  5017 | D:3      | Killed Natasha
  5350 | D:2      | Killed Sigmund
  5351 | D:2      | Your scales start taking on a fiery red colour.
  5351 | D:2      | Reached XP level 7. HP: 50/50 MP: 0/11
  5351 | D:2      | Gained mutation: Your flesh is heat resistant. (rF+) [Red
                  | Draconian growth]
  5953 | D:4      | Learned a level 1 spell: Apportation
  6475 | D:5      | Entered Level 5 of the Dungeon
  6507 | D:5      | Learned a level 3 spell: Kindle Blastsparks
  6631 | D:5      | Noticed Blork the orc
  6636 | D:5      | Reached skill level 1 in Translocations
  6636 | D:5      | Reached skill level 1 in Fire Magic
  6642 | D:5      | Killed Blork the orc
  6643 | D:5      | Reached skill level 2 in Fire Magic
  6784 | D:5      | Reached XP level 8. HP: 57/57 MP: 9/13
  7228 | D:5      | Reached skill level 3 in Fire Magic
  8112 | D:6      | Reached skill level 4 in Fire Magic
  8218 | D:6      | Learned a level 4 spell: Sticky Flame
  8386 | D:6      | Reached skill level 5 in Fire Magic
  8614 | D:6      | Reached skill level 5 in Spellcasting
  8619 | D:6      | Learned a level 4 spell: Flame Wave
  8866 | D:7      | Reached skill level 6 in Fire Magic
  9028 | D:7      | Reached XP level 9. HP: 45/62 MP: 17/17
  9586 | D:7      | Found a staircase to the Ecumenical Temple.
  9626 | Temple   | Entered the Ecumenical Temple
  9663 | Temple   | Became a worshipper of Vehumet
  9708 | D:7      | Reached skill level 7 in Fire Magic
 10631 | D:7      | Reached skill level 8 in Fire Magic
 11249 | D:8      | Found Firauk Pyer's Island Escapes.
 11250 | D:8      | Found a blossoming altar of Fedhas.
 11289 | D:8      | Paralysed by a centaur for 5 turns
 11351 | D:8      | Reached * piety under Vehumet
 11351 | D:8      | Offered knowledge of Kiss of Death by Vehumet.
 11374 | D:8      | Reached skill level 9 in Fire Magic
 11445 | D:8      | Noticed Pikel
 11461 | D:8      | Killed Pikel
 11462 | D:8      | Reached XP level 10. HP: 13/69 MP: 7/22
 11519 | D:8      | Found a flagged portal.
 11528 | Bailey   | Entered a bailey
 12670 | Bailey   | Offered knowledge of Scorch by Vehumet.
 12893 | Bailey   | Learned a level 2 spell: Scorch
 13114 | D:8      | Identified the +1 robe of Pusai {rElec MP+9 Int-4}
 13174 | D:8      | Reached ** piety under Vehumet
 13596 | D:8      | Bought a scroll of fog for 56 gold pieces
 13596 | D:8      | Bought a scroll of blinking for 105 gold pieces
 13596 | D:8      | Bought a scroll of blinking for 105 gold pieces
 13814 | D:9      | Noticed a two-headed ogre
 13827 | D:9      | Killed a two-headed ogre
 13828 | D:9      | Reached skill level 10 in Fire Magic
 14033 | D:9      | Found a staircase to the Orcish Mines.
 14500 | D:9      | Found a staircase to the Lair.
 14761 | D:9      | Reached skill level 10 in Conjurations
 14812 | D:9      | Found a sparkling altar of Nemelex Xobeh.
 14885 | D:9      | Found a glowing silver altar of Zin.
 14895 | D:9      | Reached skill level 11 in Fire Magic
 14908 | D:9      | Paralysed by a hornet for 2 turns
 15270 | Lair:1   | Entered Level 1 of the Lair of Beasts
 15403 | Lair:1   | Found a glowing golden altar of the Shining One.
 15433 | Lair:1   | Reached XP level 11. HP: 62/74 MP: 24/24
 15888 | Lair:1   | Offered knowledge of Stone Arrow by Vehumet.
 15889 | Lair:1   | HP: 3/74 [yak (13)]
 16124 | Lair:1   | Reached skill level 12 in Fire Magic
 16138 | Lair:1   | Noticed a boulder beetle
 16386 | Lair:1   | Killed a boulder beetle
 16386 | Lair:1   | Reached *** piety under Vehumet
 16546 | Lair:1   | Reached skill level 13 in Fire Magic
 16609 | Lair:1   | Reached skill level 10 in Spellcasting
 17251 | Lair:2   | Learned a level 3 spell: Stone Arrow
 17351 | Lair:2   | Found a runed translucent gate.
 17352 | Lair:2   | Found a runed translucent gate.
 17353 | Lair:2   | Found a runed translucent gate.
 17357 | Lair:2   | Noticed FakeRyeBread's ghost (journeyman TrFi)
 17364 | Lair:2   | Noticed a death yak
 17368 | Lair:2   | Noticed a boulder beetle
 17385 | Lair:2   | Killed a boulder beetle
 17421 | Lair:2   | Found a staircase to the Shoals.
 17436 | Lair:2   | Noticed a five-headed hydra
 17447 | Lair:2   | Found a frozen archway.
 17724 | Lair:2   | Offered knowledge of Olgreb's Toxic Radiance by Vehumet.
 17724 | Lair:2   | Annihilated by a death yak simulacrum

Illustrated notes

Levels and vault maps discovered:
D:1:      dpeg_chamrin_arrival_tetris, layout_rooms,
          shapermc_ecumenical_altar_gd
D:2:      layout_rooms, chequers_serial_rivers_large_a, minmay_puff,
          uniq_sigmund
D:3:      layout_basic, corexii_corridor_pit, moated_statue, uniq_natasha,
          uniq_terence
D:4:      kennysheep_big_flooded_room, layout_gridville,
          nicolae_ossuary_entry_monument
D:5:      layout_loops_cross, kennysheep_big_empty_room, minivault_26,
          uniq_blork_the_orc
D:6:      minmay_general_purpose_star, layout_basic
D:7:      layout_basic, minmay_temple_entry_antechambers,
          dreamdust_princess_bridge, grunt_ministairs_8,
          dreamdust_princess_corridor
D:8:      layout_rooms, fedhas_altar_1, enter_bailey_2,
          small_statue_intersection, nicolae_island_escapes, uniq_pikel
D:9:      layout_roguey, mainiacjoe_overflow_catch_the_wave,
          erik_lair_orcish_takeover
Temple:   compressed_dpeg_triangle_lava_temple
Lair:1:   layout_hall_layers, basic_altar, infiniplex_staircase_pool,
          grunt_megastairs_1, serial_bayou_shore_b
Lair:2:   layout_cave_shapes, minmay_shoals_entry_centaurs,
          portal_ice_cave_entry_ice_simulacra, gammafunk_ghost_split,
          st_stairs_10, lemuel_fruit_fields

Skill      XL: |  1  2  3  4  5  6  7  8  9 10 11 |
---------------+----------------------------------+-----
Conjurations   | 5 6 8 9 11 | 11.0
Spellcasting   | 3 5 8 9 11 | 11.0
Translocations | 1 3 |  3.0
Fire Magic     | 2 6 9 11 13 | 13.0
Dodging        | 3 |  3.0
Stealth        | |  1.7

Action                   |  1- 3 |  4- 6 |  7- 9 | 10-12 || total
-------------------------+-------+-------+-------+-------++-------
Melee: Unarmed           |    10 |       |       |       ||    10
       Hand axe          |    25 |    26 |    37 |    46 ||   134
       Tailslap          |     4 |     5 |     2 |     9 ||    20
       Punch             |       |       |     1 |       ||     1
 Cast: Magic Dart        |    47 |    56 |    70 |    72 ||   245
       Searing Ray       |     7 |    34 |    32 |     9 ||    82
       Kindle Blastspark |       |       |    67 |    83 ||   150
       Sticky Flame      |       |       |     3 |    27 ||    30
       Scorch            |       |       |       |    63 ||    63
       Flame Wave        |       |       |       |    14 ||    14
       Apportation       |       |       |       |     3 ||     3
 Abil: Breathe Fire      |       |       |    16 |    12 ||    28
Evoke: Wand              |       |       |       |     2 ||     2
  Use: Potion            |       |     4 |       |     8 ||    12
       Scroll            |       |     4 |     2 |    14 ||    20
 Stab: Sleeping          |       |       |       |     1 ||     1
Armor: Skin              |     7 |     7 |    28 |    29 ||    71
Dodge: Dodged            |    33 |    31 |    38 |    78 ||   180
Block: Other             |       |     7 |    24 |    14 ||    45
       Reflection        |       |       |     4 |       ||     4

Table legend: (Time is in decaauts)
 A = Elapsed time spent in this place.
 B = Non-inter-level travel time spent in this place.
 C = Inter-level travel time spent in this place.
 D = Time resting spent in this place.
 E = Time spent auto-exploring this place.
 F = Levels seen in this place.
 G = Mean time per level.
                   A        B        C        D        E       F      G
               +--------+--------+--------+--------+--------+-----+--------+
         Total |  17757 |  17328 |    429 |   6214 |   8548 |  14 | 1268.4 |
       Dungeon |  12590 |  12196 |    394 |   3238 |   7299 |   9 | 1398.9 |
        Temple |     56 |     38 |     18 |      0 |     28 |   1 |   56.0 |
          Lair |   2460 |   2444 |     16 |   1136 |    847 |   2 | 1230.0 |
       Ossuary |   1087 |   1087 |      0 |    628 |    349 |   1 | 1087.0 |
        Bailey |   1562 |   1562 |      0 |   1212 |     25 |   1 | 1562.0 |
               +--------+--------+--------+--------+--------+-----+--------+

Top non-repeatable levels by time:
     D:7: 2331 daAuts
  Lair:1: 2162 daAuts
     D:9: 1589 daAuts
  Bailey: 1562 daAuts
     D:1: 1476 daAuts
     D:3: 1462 daAuts
     D:5: 1312 daAuts
     D:2: 1302 daAuts
     D:4: 1155 daAuts
 Ossuary: 1087 daAuts
     D:6: 1032 daAuts
     D:8: 927 daAuts
  Lair:2: 298 daAuts
  Temple: 56 daAuts
